 Dungeon Crawl Stone Soup version 0.21-a0-349-g0c35859 (webtiles) character file.

102 Hasart the Cudgeler (level 4, -2/35 HPs)
             Began as a Mummy Fighter on Oct 8, 2017.
             Slain by an adder (3 damage)
             ... on level 3 of the Dungeon.
             The game lasted 00:03:35 (1432 turns).

Hasart the Cudgeler (Mummy Fighter)                 Turns: 1432, Time: 00:03:36

Health: -2/35      AC:  6    Str: 20    XL:     4   Next: 49%
Magic:  4/4        EV:  7    Int:  7    God:
Gold:   58         SH:  8    Dex: 11    Spells: 3/3 levels left

rFire    x . .     SeeInvis .   a - +0 flail
rCold    + . .     Gourm    .   c - +0 shield
rNeg     + + +     Faith    .   b - +0 scale mail
rPois    ∞         Spirit   .   (no helmet)
rElec    .         Reflect  .   (no cloak)
rCorr    .         Harm     .   (no gloves)
MR       .....                  (no boots)
Stlth    ..........             (no amulet)
HPRegen  0.11/turn              f - ring of flight
MPRegen  0.09/turn              (no ring)

@: no status effects
A: no food or potions, fire vulnerability, cold resistance 1, negative energy
resistance 3, torment resistance, unbreathing
a: Evoke Flight


You were on level 3 of the Dungeon.
You were not hungry.

You visited 1 branch of the dungeon, and saw 3 of its levels.

You collected 58 gold pieces.

Inventory:

Hand Weapons
 a - a +0 flail (weapon)
Missiles
 d - 2 javelins (quivered)
Armour
 b - a +0 scale mail (worn)
 c - a +0 shield (worn)
Jewellery
 f - a ring of flight (left hand)
Scrolls
 e - a scroll of amnesia {unknown}
 g - a scroll of recharging {unknown}
 h - a scroll of blinking {unknown}
 i - a scroll of remove curse {unknown}
 j - 3 scrolls of identify {unknown}
 k - a scroll of teleportation {unknown}
 l - a scroll of enchant weapon {unknown}


   Skills:
 - Level 3.0 Fighting
 * Level 3.3 Maces & Flails
 + Level 1.8 Throwing
 - Level 2.4 Armour
 - Level 2.4 Shields


You had 3 spell levels left.
You didn't know any spells.

Dungeon Overview and Level Annotations

Branches:
Dungeon (3/15)

Altars:
Yredelemnul

Annotations:
D:2 Jessica


Innate Abilities, Weirdness & Mutations

You do not eat or drink.
Your flesh is vulnerable to fire.
You are immune to poison.
Your flesh is cold resistant. (rC+)
You are immune to negative energy. (rN+++)
You are immune to unholy pain and torment.
You can survive without breathing.


Message History

The jackal bites you but does no damage.
The hobgoblin barely misses you. The jackal barely misses you.
You block the orc's attack.
An orc comes into view. It is wielding a hand axe.
You hit the orc but do no damage. You block the bat's attack.
The bat closely misses you. The jackal closely misses you.
You block the jackal's attack. The adder bites you.
* * * LOW HITPOINT WARNING * * *
You block the hobgoblin's attack. The jackal barely misses you.
The jackal closely misses you. The bat barely misses you.
The adder bites you but does no damage. You block the jackal's attack.
The orc closely misses you. The orc hits you but does no damage.
The hobgoblin hits you.
* * * LOW HITPOINT WARNING * * *
An orc comes into view. It is wielding a club.
You completely miss the orc. The bat closely misses you.
The jackal bites you but does no damage.
The jackal barely misses you. You block the jackal's attack.
The adder bites you.
You die...

#..#####.#....#......
...# #h# ...........
...... #)# ......(....
...# #.###)###....!.....
...###..?..#............
........rh.h$.........
.###...###.ho#h.......
..........#ohhh....>.
....##.##...oS@o......
...# #. #...ogbo......
... o. #............. .#
.. #.....oo......
#.....o.......
........o.o....
...#...........
###....o.......


You could see 3 orc priests, an orc wizard, an adder, 8 orcs, a quokka, 7
jackals, a hobgoblin and a bat.

Vanquished Creatures
  An orc priest (D:3)
  2 adders (D:2)
  3 worms (D:2)
  2 dart slugs (D:2)
  A leopard gecko (D:2)
  4 orcs (D:3)
  5 giant cockroaches
  4 goblins
  4 hobgoblins
  A bat (D:1)
  7 frilled lizards
  4 kobolds
  2 rats
40 creatures vanquished.

Notes
Turn   | Place    | Note
-------+----------+-------------------------------------------
     0 | D:1      | Hasart the Mummy Fighter began the quest for the Orb.
     0 | D:1      | Reached XP level 1. HP: 18/18 MP: 1/1
   491 | D:2      | Reached XP level 2. HP: 22/24 MP: 2/2
   739 | D:2      | Reached skill level 1 in Throwing
   798 | D:2      | Reached XP level 3. HP: 28/29 MP: 3/3
   817 | D:2      | Found a basalt altar of Yredelemnul.
   846 | D:2      | Noticed a sky beast
  1372 | D:2      | Noticed Jessica
  1403 | D:3      | Reached XP level 4. HP: 31/35 MP: 4/4
  1431 | D:3      | HP: 1/35 [hobgoblin (1)]
  1432 | D:3      | Slain by an adder

Vault maps used:
D:1:      lightli_molten_gateway
D:2:      lemuel_round_altar, uniq_jessica
D:3:      kiku_gazebo_pond_becter, first_bread

Skill      XL: |  1  2  3 |
---------------+----------+-----
Maces & Flails | 2 3 |  3.3
Throwing       | 1 |  1.8
Fighting       | |  3.0
Armour         | |  2.4
Shields        | |  2.4

Action                   |  1- 3 |  4- 6 || total
-------------------------+-------+-------++-------
Melee: Flail             |   166 |    19 ||   185
Armor: Scale mail        |    69 |    16 ||    85
Dodge: Dodged            |    57 |    23 ||    80
Block: Shield            |    76 |    28 ||   104

Table legend:
 A = Spawn XP
 B = Non-spawn XP
 C = Spawn XP percentage of total XP
 D = Spawn monster count
 E = Non-spawn monster count
 F = Spawn count percentage of total count
 G = Total turns spent on level
                    A         B        C        D         E        F      G
               +---------+---------+-------+---------+---------+-------+---------
         Total |       0 |     146 |   0.0 |       0 |      40 |   0.0 |  1432
               +---------+---------+-------+---------+---------+-------+---------
           D:1 |       0 |      11 |   0.0 |       0 |       8 |   0.0 |   715
           D:2 |       0 |      79 |   0.0 |       0 |      25 |   0.0 |   672
           D:3 |       0 |      56 |   0.0 |       0 |       7 |   0.0 |    45
               +---------+---------+-------+---------+---------+-------+---------
